Description

scowting with Phoenixes and to reject mutalisk. transition blink disruptor sentry.

Replay - Hydra v Neeb: Game 1 - King Sejong Station LE

Build Order

Get SALT Encoding   

  12  0:01  Probe (Chrono Boost)  
  13  0:11  Probe (Chrono Boost)  
  14  0:17  Pylon  
  14  0:22  Probe (Chrono Boost)  
  15  0:35  Probe (Chrono Boost)  
  16  0:36  Gateway  
  16  0:46  Probe (Chrono Boost)  
  16  0:47  Assimilator  
  17  0:56  Probe (Chrono Boost)  
  18  1:07  Probe (Chrono Boost)  
  19  1:18  Nexus  
  19  1:22  Probe (Chrono Boost)  
  20  1:32  Cybernetics Core  
  20  1:35  Probe (Chrono Boost)  
  21  1:40  Assimilator  
  21  1:45  Probe (Chrono Boost)  
  22  1:50  Pylon  
  22  1:56  Probe (Chrono Boost)  
  23  2:05  Adept  
  24  2:09  Probe (Chrono Boost), Warp Gate  
  26  2:21  Probe (Chrono Boost)  
  27  2:31  Probe (Chrono Boost)  
  27  2:33  Adept, Probe (Chrono Boost)  
  27  2:34  Stargate  
  31  2:41  Probe (Chrono Boost)  
  33  2:45  Probe (Chrono Boost)  
  33  2:52  Probe (Chrono Boost)  
  33  2:58  Probe (Chrono Boost)  
  35  3:02  Probe (Chrono Boost)  
  36  3:08  Probe (Chrono Boost)  
  36  3:09  Gateway  
  37  3:13  Probe (Chrono Boost)  
  37  3:14  Gateway  
  37  3:19  Probe (Chrono Boost)  
  39  3:20  Phoenix  
  39  3:26  Probe (Chrono Boost)  
  42  3:29  Probe (Chrono Boost), Pylon  
  43  3:36  Probe (Chrono Boost)  
  43  3:40  Probe (Chrono Boost)  
  45  3:44  Phoenix  
  45  3:47  Probe (Chrono Boost)  
  48  3:51  Pylon  
  48  3:52  Probe (Chrono Boost)  
  49  3:57  Probe (Chrono Boost), Pylon  
  50  4:06  Phoenix, Mothership Core (Chrono Boost)  
  50  4:07  Assimilator  
  54  4:11  Probe (Chrono Boost), Pylon  
  54  4:13  Adept x3  
  61  4:22  Probe (Chrono Boost)  
  60  4:36  Probe (Chrono Boost)  
  60  4:37  Phoenix  
  61  4:38  Probe (Chrono Boost)  
  63  4:47  Nexus  
  63  4:48  Probe (Chrono Boost)  
  63  4:49  Probe (Chrono Boost), Pylon  
  65  4:58  Assimilator  
  65  4:59  Phoenix  
  66  5:00  Probe x2 (Chrono Boost)  
  66  5:07  Zealot, Sentry, Pylon  
  69  5:09  Zealot  
  69  5:12  Probe x2 (Chrono Boost)  
  77  5:19  Forge  
  77  5:22  Phoenix, Probe (Chrono Boost)  
  77  5:26  Probe (Chrono Boost)  
  77  5:27  Pylon  
  81  5:33  Probe (Chrono Boost)  
  82  5:36  Robotics Facility  
  82  5:38  Protoss Ground Weapons Level 1, Probe (Chrono Boost)  
  82  5:40  Sentry  
  85  5:43  Probe (Chrono Boost)  
  85  5:47  Assimilator  
  87  5:51  Probe (Chrono Boost)  
  87  5:53  Assimilator  
  87  5:54  Probe (Chrono Boost)  
  88  5:59  Probe (Chrono Boost)  
  88  6:02  Robotics Facility  
  88  6:03  Probe (Chrono Boost)  
  90  6:04  Probe (Chrono Boost)  
  90  6:10  Probe (Chrono Boost)  
  92  6:15  Probe x2 (Chrono Boost), Twilight Council  
  94  6:20  Probe (Chrono Boost)  
  94  6:23  Immortal  
  101  6:25  Probe (Chrono Boost)  
  101  6:27  Probe (Chrono Boost)  
  101  6:30  Gateway  
  101  6:31  Probe (Chrono Boost)  
  101  6:32  Gateway  
  102  6:33  Gateway  
  102  6:40  Blink  
  102  6:42  Sentry, Pylon x2  
  102  6:45  Photon Cannon  
  102  6:46  Pylon  
  104  6:48  Pylon  
  104  6:52  Immortal  
  108  7:04  Observer  
  108  7:05  Robotics Bay  
  109  7:11  Oracle  
  109  7:12  Pylon  
  112  7:15  Gateway x2  
  112  7:18  Photon Cannon  
  112  7:23  Immortal  
  112  7:24  Pylon  
  112  7:26  Pylon  
  112  7:29  Protoss Ground Weapons Level 2  
  116  7:40  Stalker x2  
  116  7:43  Stalker  
  116  7:44  Stalker x3  
  128  7:52  Pylon  
  128  7:53  Disruptor  
  128  7:57  Disruptor  
  134  8:22  Gateway  
  134  8:24  Photon Cannon  
  134  8:25  Pylon  
  134  8:28  Disruptor  
  134  8:29  Photon Cannon, Disruptor  
  134  8:33  Resonating Glaives  
  140  8:35  Photon Cannon  
  140  8:38  Photon Cannon  
  140  8:43  Photon Cannon  
  140  8:44  Stalker  
  140  8:45  Stalker x4  
  150  9:02  Disruptor  
  150  9:04  Disruptor  
  150  9:05  Stalker x2  
  160  9:19  Adept x4  
  160  9:20  Adept  
  168  9:30  Protoss Ground Weapons Level 3  
  168  9:33  Disruptor  
  168  9:37  Adept x2  
  175  9:40  Disruptor  
  176  9:46  Adept x5  
  186  9:52  Nexus  
  185  10:01  Photon Cannon  
  183  10:07  Stalker x3  
  183  10:11  Pylon  
  183  10:12  Pylon  
  187  10:22  Adept  
  185  10:32  Disruptor  
  181  10:40  Adept  
  181  10:41  Disruptor  
  187  10:55  Stalker x4  
  195  11:03  Adept x2  
  199  11:07  Nexus  
  199  11:09  Pylon  
  199  11:16  Disruptor  
  191  11:26  Disruptor  
  189  11:40  Adept x5, Pylon  
  189  11:45  Stargate  
  197  11:49  Fleet Beacon  
  197  11:52  Disruptor  
  196  11:55  Assimilator  
  196  11:58  Oracle  
  196  11:59  Assimilator  
  196  12:01  Photon Cannon  
  185  12:17  Adept x5  
  185  12:18  Adept x2  
  167  12:30  Disruptor  
  167  12:33  Adept  
  166  12:40  Adept  
  166  12:41  Adept x5  
  166  12:42  Adept  
  175  12:48  Probe (Chrono Boost)  
  175  12:49  Probe x3 (Chrono Boost)  
Spawning Tool Build Advisor. Get it on Overwolf

Analysis

You need 2 immortal in the composition or more depends on the scouting. The number of sentryes depends on the nombers of Zerlings and banelings. Your army is strong but slow for this reason,if you are afraid of drops, or if you scout spiral, or if you dont know if there will be a mutalisk you can add any cannon before timming.

Go to:

Details

  • Created by: Zeruell
  • Published on: Sep 15, 2016
  • Modified on: Sep 15, 2016
  • Patch: Pre-3.8.0
Show
View Real Time Build Order
Export as new Build Order

Comments (0)

There are no comments. Be the first!

Create an account to comment!